 Dungeon Crawl Stone Soup version 0.30-a0-605-gb2882149bf (webtiles) character file.

Game seed: 3085028027909269221

96 acebull12 the Firebug (level 4, 0/32 HPs)
             Began as a Demonspawn Fire Elementalist on Jan 7, 2023.
             Slain by a yak (4 damage)
             ... on level 3 of the Dungeon.
             The game lasted 00:09:34 (2705 turns).

acebull12 the Firebug (DsFE)                        Turns: 2705, Time: 00:09:35

Health: 0/32       AC:  2    Str:  8    XL:     4   Next: 41%
Magic:  6/7        EV: 12    Int: 18    God:
Gold:   128        SH:  0    Dex: 14    Spells: 7/8 levels left

rFire   . . .      SeeInvis .    c - +0 long sword
rCold   . . .      Faith    .    (no shield)
rNeg    . . .      Spirit   .    a - +0 robe
rPois   .          Reflect  .    (no helmet)
rElec   .          Harm     .    (no cloak)
rCorr   .          Rampage  .    (no gloves)
Will    .....                    (no boots)
Stlth   ++                       (no amulet)
HPRegen 0.25/turn                (no ring)
MPRegen 0.20/turn                (no ring)

@: no status effects
A: magic regeneration, demonic touch 1
a: no special abilities


You were on level 3 of the Dungeon.
You visited 1 branch of the dungeon, and saw 4 of its levels.

You collected 128 gold pieces.

Inventory:

Hand Weapons
 c - a +0 long sword (weapon)
Armour
 a - a +0 robe (worn)
 i - the +4 Cigotuvi's embrace {rMiasma Drain rN+}
   (You found it on level 2 of the Dungeon)

   It gathers nearby corpses to temporarily increase the armour it provides.
   It protects you from foul pestilence.
   rN:        It protects you from negative energy.
   Drain:     It drains your maximum health when unequipped.
Jewellery
 o - a ring of flight
Wands
 k - a wand of paralysis (2)
Scrolls
 e - 2 scrolls of enchant armour {unknown}
 f - a scroll of fear {unknown}
 g - a scroll of teleportation {unknown}
 h - 3 scrolls of enchant weapon {unknown}
 j - a scroll of magic mapping {unknown}
 m - 2 scrolls of identify {unknown}
 n - a scroll of noise {unknown}
Potions
 b - a potion of magic
 d - a potion of cancellation {unknown}
 l - a potion of curing {unknown}


   Skills:
 * Level 1.0 Fighting
 + Level 0.1 Long Blades
 * Level 1.2 Armour
 + Level 1.9 Dodging
 + Level 1.9 Stealth
 + Level 2.5 Spellcasting
 * Level 1.7 Conjurations
 * Level 3.4 Fire Magic


You had 7 spell levels left.
You knew the following spells:

 Your Spells              Type           Power      Damage    Failure   Level
a - Foxfire               Conj/Fire      44%        2x1d6     6%          1

Your spell library contained the following spells:

 Spells                   Type           Power      Damage    Failure   Level
 Scorch                   Fire           28%        2d6       6%          2
 Freeze                   Ice            8%         1d3       17%         1
 Inner Flame              Hex/Fire       8%         N/A       26%         3
 Kindle Blastsparks       Fire/Tloc/Air  12%        2d11      32%         3
 Dazzling Flash           Conj/Hex       10%        N/A       34%         3
 Hailstorm                Conj/Ice       5%         3d4       34%         3
 Frozen Ramparts          Ice            4%         1d1       45%         3
 Flame Wave               Conj/Fire      11%        2d6       50%         4
 Iskenderun's Mystic Bla  Conj/Tloc      5%         2d3       75%         4
 Starburst                Conj/Fire      5%         6d4       100%        6


Dungeon Overview and Level Annotations

Branches:
Dungeon (4/15)
 Temple: D:4-7

Altars:
Qazlal


Innate Abilities, Weirdness & Mutations

You regenerate magic rapidly.
Your touch may inflict minor irresistible damage on your foes.


Message History

There is a stone staircase leading up here.
The yak misses you.
You climb upwards.
There is a stone staircase leading down here.
You conjure some foxfire!
The yak gores you!
The foxfire hits the yak.
The yak is lightly wounded.
The foxfire hits the yak but does no damage.
The yak is lightly wounded.
You are too injured to fight recklessly!
You are too injured to fight recklessly!
Casting: Foxfire (safe; 6% risk of failure)
Confirm with . or Enter, or press ? or * to list all spells.
You conjure some foxfire!
The yak misses you. The yak attacks as you move away!
The yak barely misses you.
The foxfire hits the yak.
The yak is moderately wounded.
The foxfire hits the yak but does no damage.
The yak is moderately wounded.
Casting: Foxfire (safe; 6% risk of failure)
Confirm with . or Enter, or press ? or * to list all spells.
You conjure some foxfire!
The yak gores you.
The foxfire hits the yak but does no damage.
The yak is moderately wounded.
The foxfire hits the yak.
The yak is moderately wounded.
Casting: Foxfire (safe; 6% risk of failure)
Confirm with . or Enter, or press ? or * to list all spells.
You conjure some foxfire!
The yak barely misses you.
Your foxfire dissipates!
The yak attacks as you move away! The yak barely misses you.
The foxfire hits the yak.
The yak is moderately wounded.
The yak attacks as you move away! The yak gores you!
* * * LOW HITPOINT WARNING * * *
Okay, then.
The yak attacks as you move away! The yak gores you but does no damage.
The yak attacks as you move away! The yak barely misses you.
The yak attacks as you move away! The yak gores you.
You die...

...........###.>.#...#.........#
.................#...#.......###
.................+...#.......#
..........#.....##...#.......#
..##......####.#######.......#
..##....### #.########......####
..####### #.#........####.....
### #.#.######.# #.....
#.#@#....#.# #..... #.#Y#.##.#.#
#..... #.#.#..#.#.# #.....
#......#.#.# #..... ###.####.#.#
#..... #......#.# ####.#
########.#######.# #.........#
###########


You could see a yak.

Vanquished Creatures
  5 adders (D:2)
  A dart slug (D:1)
  2 orcs (D:3)
  4 ball pythons
  6 endoplasms
  2 giant cockroaches (D:2)
  7 hobgoblins
  3 bats (D:1)
  6 frilled lizards
  3 goblins
  3 kobolds
  6 rats
48 creatures vanquished.

Vanquished Creatures (collateral kills)
  4 foxfires (D:1)
4 creatures vanquished.

Vanquished Creatures (others)
  112 foxfires
112 creatures vanquished.

Grand Total: 164 creatures vanquished

Notes
Turn   | Place    | Note
-------+----------+-------------------------------------------
     0 | D:1      | acebull12 the Demonspawn Fire Elementalist began the quest
                  | for the Orb.
     0 | D:1      | Reached XP level 1. HP: 13/13 MP: 3/3
   252 | D:1      | Reached skill level 3 in Fire Magic
   343 | D:1      | Gained mutation: Your touch may inflict minor irresistible
                  | damage on your foes. [demonic ancestry]
   343 | D:1      | Reached XP level 2. HP: 20/20 MP: 1/5
  1157 | D:2      | Found the +4 Cigotuvi's embrace {rMiasma Drain rN+}
  1163 | D:2      | Gained mutation: You regenerate magic rapidly. [demonic
                  | ancestry]
  1163 | D:2      | Reached XP level 3. HP: 21/25 MP: 3/6
  1511 | D:2      | Reached skill level 1 in Armour
  1511 | D:2      | Reached XP level 4. HP: 14/31 MP: 5/7
  1784 | D:2      | Reached skill level 1 in Fighting
  2407 | D:3      | Found a stormy altar of Qazlal.
  2671 | D:4      | Noticed a yak
  2672 | D:4      | Noticed a yak
  2672 | D:4      | Noticed a yak
  2673 | D:4      | Noticed a yak
  2673 | D:4      | Noticed a yak
  2673 | D:4      | Noticed a yak
  2705 | D:3      | Slain by a yak

Illustrated notes

Levels and vault maps discovered:
D:1:      dpeg_arrival_radiant, layout_loops_cross, serial_bayou,
          serial_bayou_pond_b, serial_bayou_shore_a, serial_bayou_pond_a,
          serial_bayou_ford_a, hangedman_glass_teeth
D:2:      layout_basic, minmay_between
D:3:      layout_basic, nicolae_qazlal_general_emergency, st_stairs_14,
          nrook_mini_vaults
D:4:      layout_basic, minivault_11, uniq_duvessa, uniq_pikel

Skill      XL: |  1  2  3  4 |
---------------+-------------+-----
Fire Magic     | 3 |  3.4
Armour         | 1 |  1.2
Fighting       | 1 |  1.0
Long Blades    | |  0.1
Dodging        | |  1.9
Stealth        | |  1.9
Spellcasting   | |  2.5
Conjurations   | |  1.7

Action                   |  1- 3 |  4- 6 || total
-------------------------+-------+-------++-------
Melee: Long sword        |    19 |     4 ||    23
       Touch             |     2 |       ||     2
 Cast: Foxfire           |    42 |    28 ||    70
 Stab: Sleeping          |     1 |       ||     1
Armor: Robe              |     4 |     4 ||     8
Dodge: Dodged            |    20 |    19 ||    39

Table legend: (Time is in decaauts)
 A = Elapsed time spent in this place.
 B = Non-inter-level travel time spent in this place.
 C = Inter-level travel time spent in this place.
 D = Time resting spent in this place.
 E = Time spent auto-exploring this place.
 F = Levels seen in this place.
 G = Mean time per level.
                   A        B        C        D        E       F      G
               +--------+--------+--------+--------+--------+-----+--------+
         Total |   2736 |   2606 |    130 |    156 |   2017 |   4 |  684.0 |
       Dungeon |   2736 |   2606 |    130 |    156 |   2017 |   4 |  684.0 |
               +--------+--------+--------+--------+--------+-----+--------+

Top non-repeatable levels by time:
     D:1: 1150 daAuts
     D:2: 880 daAuts
     D:3: 680 daAuts
     D:4: 24 daAuts
